 Dungeon Crawl Stone Soup version 0.31-a0-986-g5e6e4ef867 (webtiles) character file.

Game seed: 5558610946898103027

105490 Jeffwins the Placeless Draconian (level 15, -28/123 HPs)
             Began as a Green Draconian Shapeshifter on Nov 24, 2023.
             Was an Initiate of Gozag.
             Annihilated by a stone giant (38 damage)
             ... on level 1 of the Depths.
             The game lasted 01:05:09 (26385 turns).

Jeffwins the Placeless Draconian (DrSh)            Turns: 26385, Time: 01:05:10

Health: -28/123    AC: 12    Str: 23    XL:     15   Next: 94%
Magic:  4/23       EV: 19    Int: 16    God:    Gozag
Gold:   2795       SH:  5    Dex: 12    Spells: 15/25 levels left

rFire   . .          .
                       - Unarmed
rCold   . . .        (shield currently unavailable)
rNeg    . . .        (body armour unavailable)
rPois   +            (helmet restricted)
rElec   .            Q - +0 cloak {Will+}
rCorr   .            F - melded +0 pair of gloves
SInv    .            f - +1 pair of boots
Will    ++...        w - amulet of the Harvest {Reflect Slay+5 SH+5}
Stlth   ++           E - +5 ring of evasion
HPRegen 0.40/turn    S - +6 ring of strength
MPRegen 0.18/turn

%: reflection
@: blade hands
A: breathe noxious fumes, AC +9, unfitting armour, stinger 1, poison resistance,
cold-blooded
a: Breathe Noxious Fumes, Begin Untransformation, Renounce Religion, Potion
Petition, Call Merchant, Bribe Branch


You were on level 1 of the Depths.
You worshipped Gozag.
Gozag was most pleased with you.
You had blades for hands.
You visited 4 branches of the dungeon, and saw 22 of its levels.
You also visited: Trove and Ossuary.

You collected 6300 gold pieces.
You spent 2950 gold pieces at shops.
You paid 555 gold pieces to Gozag.


Innate Abilities, Weirdness & Mutations

You have blades for hands.
You are incapable of wielding weapons or throwing items.
You can breathe blasts of noxious fumes.
Your lurid green scales are hard. (AC +9)
You cannot fit into any form of body armour.
Your tail ends in a venomous barb.
Your system is resistant to poisons. (rPois)
You are cold-blooded and may be slowed by cold attacks.


   Skills:
 + Level 8.9 Fighting
 + Level 6.4 Throwing
 + Level 7.4 Dodging
 - Level 2.0 Stealth
 + Level 7.4 Shields
 * Level 11.7 Unarmed Combat
 * Level 5.9 Spellcasting
 * Level 12.5 Translocations
 + Level 6.0 Transmutations
 + Level 8.5 Poison Magic
 + Level 5.7 Evocations
 * Level 10.9 Shapeshifting


You had 15 spell levels left.
You knew the following spells:

 Your Spells              Type           Power      Damage    Failure   Level
o - Olgreb's Toxic Radia  Pois           32%        N/A       4%          4
x - Wereblood             Tmut           24%        N/A       1%          2
z - Manifold Assault      Tloc           45%        N/A       1%          4

Your spell library contained the following spells:

 Spells                   Type           Power      Damage    Failure   Level
 Sting                    Tmut/Pois      100%       1d8       1%          1
 Lesser Beckoning         Tloc           90%        N/A       1%          2
 Gell's Gravitas          Tloc           45%        N/A       1%          3
 Teleport Other           Tloc           45%        N/A       1%          3
 Poisonous Vapours        Pois/Air       36%        N/A       3%          2
 Volatile Blastmotes      Fire/Tloc      48%        2d14      3%          3
 Dispersal                Tloc           22%        N/A       12%         6
 Shock                    Conj/Air       16%        1d4       14%         1
 Slow                     Hex            16%        N/A       14%         1
 Static Discharge         Conj/Air       8%         3-4/arc   22%         2
 Sublimation of Blood     Necr           4%         N/A       22%         2
 Confusing Touch          Hex            4%         N/A       38%         3
 Dazzling Flash           Conj/Hex       8%         N/A       38%         3
 Sigil of Binding         Hex            4%         N/A       38%         3
 Swiftness                Air            4%         N/A       38%         3
 Vampiric Draining        Necr           4%         2d6       38%         3
 Airstrike                Air            2%         2d(1-17)  80%         4
 Anguish                  Hex/Necr       2%         N/A       80%         4
 Cause Fear               Hex            2%         N/A       80%         4
 Summon Lightning Spire   Summ/Air       4%         N/A       80%         4
 Disjunction              Tloc           22%        N/A       99%         8
 Starburst                Conj/Fire      2%         6d3       100%        6
 Enfeeble                 Hex            2%         N/A       100%        7
 Summon Hydra             Summ           2%         N/A       100%        7
 Discord                  Hex            2%         N/A       100%        8
 Ignition                 Fire           2%         3d3       100%        8
 Maxwell's Capacitive Co  Air            2%         ∞         100%        8

Inventory:

Missiles
 D - 6 curare-tipped darts {=f}
 W - 2 throwing nets {=f}
Armour
 f - a +1 pair of boots (worn)
 k - a +2 kite shield
 F - a +0 pair of gloves (melded)
 Q - a +0 cloak of willpower (worn)
Jewellery
 g - an amulet of regeneration
 i - the ring "Voagorerr" {+Blink rN+ Will+}
   (You found it in a treasure trove)

   [ring of willpower]

   rN+:       It protects you from negative energy.
   Will+:     It increases your willpower.
   +Blink:    It lets you blink.
 v - a ring of see invisible
 w - the amulet of the Harvest (around neck) {Reflect Slay+5 SH+5}
   (You found it in a treasure trove)

   [amulet of reflection]

   Reflect:   It reflects blocked missile attacks.
   Slay+5:    It affects your accuracy & damage with ranged weapons and melee
   (+5).
   SH+5:      It affects your SH (+5).
 C - a ring of protection from cold
 E - a +5 ring of evasion (left blade hand)
 L - a ring of flight
 R - a ring of resist corrosion
 S - a +6 ring of strength (right blade hand)
 Z - a ring of wizardry
Talismans
 p - a blade talisman (active)
Wands
 b - a wand of mindburst (10)
 c - a wand of roots (5)
 I - a wand of flame (42)
 J - a wand of quicksilver (13)
 P - a wand of paralysis (27)
 T - a wand of polymorph (5)
Scrolls
 a - 2 scrolls of immolation {!r}
 d - 2 scrolls of fear
 h - 8 scrolls of enchant armour
 l - 5 scrolls of teleportation {@r4}
 n - 3 scrolls of amnesia
 t - 5 scrolls of enchant weapon
 y - 3 scrolls of poison
 z - 4 scrolls of vulnerability {!r}
 B - 2 scrolls of blinking
 M - 2 scrolls of identify {@r1}
 O - 2 scrolls of fog
 V - 3 scrolls of revelation
 X - a scroll of butterflies
Potions
 j - 5 potions of mutation {!q}
 m - 3 potions of cancellation
 o - a potion of invisibility
 q - 5 potions of enlightenment
 r - 5 potions of resistance
 s - 12 potions of curing {@q1}
 u - 9 potions of ambrosia
 A - 4 potions of haste {@q3}
 G - a potion of might
 H - 3 potions of berserk rage {!q}
 K - 3 potions of heal wounds {@q2}
 N - 3 potions of magic
 Y - 7 potions of brilliance
Miscellaneous
 e - a box of beasts (inert)
 x - a phial of floods
 U - a phantom mirror (inert)

Dungeon Overview and Level Annotations

Branches:
Dungeon (15/15)            Temple (1/1) D:6            Lair (5/5) D:11
  Swamp (0/4) Lair:3        Snake (0/4) Lair:3        Slime (0/5) Lair:5
    Orc (0/2) D:10         Vaults (0/5) D:13         Depths (1/4) D:15
Ossuary (visited)

Altars:
Ashenzari
Cheibriados
Dithmenos
Elyvilon
Fedhas
Gozag
Hepliaklqana
Kikubaaqudgha
Makhleb
Nemelex Xobeh
Okawaru
Qazlal
Ru
Sif Muna
Trog
Uskayaw
Vehumet
Wu Jian
Xom
Yredelemnul
Zin
The Shining One
Jiyva

Shops:
D:1 *   D:5 *   D:7 ?   D:12 *[   D:13 *

Annotations:
D:13 2 transporters, Rogih's ghost, journeyman MiFi
Lair:2 3 runed translucent doors, Fractals's ghost, journeyman KoBr

.........#
.........#
.......#
..$...#
#....#
#....#
#..<.#
####....#
#...@####
#..C.#
#....#
#....#
+....#
#....#
#.....
#..$..


You could see a stone giant.


Message History

You slice the stone giant!!
Unknown command.
Casting: Manifold Assault (mildly dangerous; 1% risk of failure)
Confirm with . or Enter, or press ? or * to list all spells.
You don't have enough magic to cast this spell.
Unknown command.
Casting: Manifold Assault (mildly dangerous; 1% risk of failure)
Confirm with . or Enter, or press ? or * to list all spells.
You don't have enough magic to cast this spell.
Unknown command.
Casting: Manifold Assault (mildly dangerous; 1% risk of failure)
Confirm with . or Enter, or press ? or * to list all spells.
You don't have enough magic to cast this spell.
Unknown command.
The stone giant throws a large rock.
The large rock hits you!!!
* * * LOW HITPOINT WARNING * * *
You are too injured to fight recklessly!
Unknown command.
Found 9 gold pieces.
The stone giant hits you!
* * * LOW HITPOINT WARNING * * *
You hit the stone giant but do no damage.
The stone giant is severely wounded.
The stone giant hits you!!!
* * * LOW HITPOINT WARNING * * *
Unknown command.
You slash the stone giant!
The stone giant is severely wounded.
The stone giant hits you!!!
You die...
Your body crumbles into a pile of gold.

Skill      XL: |  1  2  3  4  5  6  7  8  9 10 11 12 13 14 15 |
---------------+----------------------------------------------+-----
Dodging        | 2 3 4 5 6 7 |  7.4
Fighting       | 2 3 4 5 6 7 8 |  8.9
Stealth        | 1 2 |  2.0
Unarmed Combat | 4 5 6 7 8 9 10 11 | 11.7
Shapeshifting  | 4 5 6 7 8 9 10 | 10.9
Shields        | 1 2 3 4 5 6 7 |  7.4
Translocations | 1 2 3 4 5 6 7 9 11 12 | 12.5
Spellcasting   | 1 2 3 4 5 |  5.9
Poison Magic   | 1 2 4 5 6 7 8 |  8.5
Throwing       | 2 3 4 5 6 |  6.4
Transmutations | 2 3 4 5 6 |  6.0
Evocations     | 1 2 4 5 |  5.7

Action                     |  1- 3 |  4- 6 |  7- 9 | 10-12 | 13-15 || total
---------------------------+-------+-------+-------+-------+-------++-------
  Melee: Unarmed           |   105 |   117 |   538 |   734 |   943 ||  2437
         Tailslap          |    10 |    11 |   126 |   145 |   103 ||   395
         Punch             |     2 |       |       |    12 |    47 ||    61
         Constrict         |       |       |       |     2 |       ||     2
   Cast: Manifold Assault  |       |       |     1 |    39 |   262 ||   302
         Wereblood         |       |       |       |     4 |     8 ||    12
         Olgreb's Toxic Ra |       |       |       |     3 |     2 ||     5
 Invoke: Call Merchant     |       |       |       |     1 |       ||     1
Ability: Breathe Noxious F |       |       |    12 |     6 |     2 ||    20
  Evoke: Wand              |       |       |       |    10 |     6 ||    16
         Phial of floods   |       |       |       |     2 |     1 ||     3
         Box of beasts     |       |       |       |       |     1 ||     1
         Phantom mirror    |       |       |       |       |     1 ||     1
    Use: Potion            |       |     3 |       |     6 |     2 ||    11
         Scroll            |       |       |     9 |    14 |     7 ||    30
   Stab: Sleeping          |     1 |       |       |       |       ||     1
         Confused          |       |       |    11 |     8 |     1 ||    20
         Distracted        |       |       |     1 |     4 |     5 ||    10
         Paralysed         |       |       |       |     9 |     2 ||    11
 Armour: Skin              |    59 |   103 |   314 |   511 |   395 ||  1382
  Dodge: Dodged            |    87 |    65 |   316 |   546 |   557 ||  1571
  Block: Other             |       |       |       |       |     6 ||     6
         Reflection        |       |       |       |       |     2 ||     2
   Form: Flux              |       |     2 |       |     1 |     1 ||     4
         Blade             |       |     1 |       |     2 |     1 ||     4
         Anaconda          |       |       |       |     3 |     1 ||     4

Levels and vault maps discovered:
D:1:      saegor_arrival_simple_c, layout_loops_ring, serial_shops, shop_statue
D:2:      layout_rooms, dreamdust_princess_bridge, skrybe_limestone_x
D:3:      layout_rooms, minitemple, ebering_ecumenical_altar_ruins,
          gammafunk_ghost_cemetery, supply_closet_lemuel, grunt_ministairs_8,
          minmay_misc_feat_nine_boxes
D:4:      layout_rooms, serial_bayou, serial_bayou_crossing,
          serial_bayou_shore_a, serial_bayou_ford_a, serial_bayou_pond_d,
          minmay_misc_feat_rows, uniq_grinder, uniq_robin, uniq_menkaure
D:5:      layout_loops_ring, lemuel_tele_altar, nicolae_ossuary_entry_catacombs,
          nicolae_shop_sticking_my_neck_out
D:6:      layout_rooms, nicolae_tso_carved_into_rock, lemuel_doored_altar,
          minmay_temple_entry_mini_moons, uniq_eustachio
D:7:      layout_gridville, fedhas_altar_1, serial_shops, nicolae_diamond_shop,
          corexii_leaking_fountain, minivault_25, uniq_pikel, uniq_duvessa
D:8:      layout_basic, uniq_erica
D:9:      layout_roguey
D:10:     layout_basic, orc_0_dummy, special_room [special_room_orc],
          ebering_ghost_xom
D:11:     minmay_inner_zag, layout_rooms, david_lair_generic, enter_trove_6,
          nicolae_qazlal_style_of_elements, uniq_erolcha, uniq_urug
D:12:     layout_roguey, serial_shops, nicolae_diamond_shop
D:13:     layout_cave_pools, erik_vaults_2, gammafunk_ghost_mausoleum,
          special_room [special_room_bee], nicolae_shop_gadgets, uniq_frances
D:14:     layout_rooms, nemelex_diamond_rough_becter, minivault_19,
          minmay_stone_trees_small
D:15:     grunt_enter_depths_giant_problem, layout_loops_ring,
          hangedman_decor_diamond_cutter
Temple:   nicolae_temple_ecumenical_triangle
Lair:1:   layout_cave_shapes, grunt_forest_stairs_basic,
          dreamdust_gnoll_shepherd, serial_bayou_shore_b, uniq_joseph,
          uniq_jeremiah
Lair:2:   layout_small_grid, gammafunk_ghost_hydra_chop, lemuel_fruit_tree
Lair:3:   layout_loops_ring, swamp_mist, guppyfry_snake_entry_garden,
          serial_bayou_shore_b
Lair:4:   layout_cave_pods, basic_altar, chequers_serial_rivers_room_b,
          dreamdust_deal_with_the_devil
Lair:5:   hangedman_lair_caniforms_friends, layout_regular_city, slime_entry_1,
          uniq_nessos, uniq_snorg
Depths:1: layout_gridville, enter_ziggurat_c,
          nicolae_hell_entry_hellmouth_sunbeams, nicolae_gozag_seed_capital,
          abyss_entry, chequers_serial_rivers_micro_b,
          minmay_fractal_squares_gapless_7, uniq_nikola

Notes
Turn   | Place    | Note
-------+----------+-------------------------------------------
     0 | D:1      | Jeffwins the Draconian Shapeshifter began the quest for the
                  | Orb.
     0 | D:1      | Reached XP level 1. HP: 16/16 MP: 1/1
   132 | D:1      | Found Duathraha's Assorted Antiques.
   293 | D:1      | Reached XP level 2. HP: 23/23 MP: 2/2
   727 | D:1      | Reached skill level 2 in Dodging
   769 | D:2      | Reached XP level 3. HP: 26/28 MP: 3/3
   957 | D:2      | Reached skill level 2 in Fighting
  1245 | D:2      | Reached skill level 1 in Stealth
  1245 | D:2      | Reached XP level 4. HP: 31/36 MP: 2/4
  1631 | D:3      | Found a runed translucent gate.
  1632 | D:3      | Found a runed translucent gate.
  1634 | D:3      | Found a runed translucent gate.
  1635 | D:3      | Noticed LeprechaunX's ghost (amateur OpSh)
  1635 | D:3      | Noticed Sundig's ghost (amateur DsFi)
  1635 | D:3      | Noticed hgbash's ghost (amateur GrEE)
  1675 | D:3      | Found a glowing silver altar of Zin.
  1677 | D:3      | Found an ornate altar of the Wu Jian Council.
  1681 | D:3      | Found a burning altar of Makhleb.
  1681 | D:3      | Found a shadowy altar of Dithmenos.
  1684 | D:3      | Found a hazy altar of Hepliaklqana.
  1687 | D:3      | Found a shimmering altar of Xom.
  1798 | D:3      | Reached XP level 5. HP: 25/42 MP: 3/5
  1867 | D:3      | Found a faded altar of an unknown god.
  2045 | D:4      | Learned a level 4 spell: Manifold Assault
  2070 | D:4      | Reached skill level 4 in Unarmed Combat
  2070 | D:4      | Reached skill level 4 in Shapeshifting
  2083 | D:4      | HP: 5/63 [something/puff of flame (9)]
  2096 | D:4      | Reached skill level 1 in Shields
  2103 | D:4      | Reached skill level 1 in Translocations
  2103 | D:4      | Reached XP level 6. HP: 27/50 MP: 3/7
  2249 | D:4      | Noticed Grinder
  2251 | D:4      | Paralysed by Grinder for 5 turns
  2263 | D:4      | Paralysed by Grinder for 2 turns
  2271 | D:4      | Killed Grinder
  2272 | D:4      | Reached skill level 2 in Stealth
  2272 | D:4      | Reached skill level 1 in Spellcasting
  2325 | D:4      | Noticed Menkaure
  2352 | D:4      | Killed Menkaure
  2353 | D:4      | Reached skill level 3 in Fighting
  2353 | D:4      | Reached skill level 2 in Translocations
  2353 | D:4      | Your scales start taking on a lurid green colour.
  2353 | D:4      | Reached XP level 7. HP: 24/57 MP: 6/9
  2353 | D:4      | Gained mutation: Your system is resistant to poisons.
                  | (rPois) [Green Draconian growth]
  2501 | D:4      | Noticed Robin
  2529 | D:4      | Killed Robin
  2898 | D:5      | Entered Level 5 of the Dungeon
  3030 | D:5      | Found Giluiwaocedgh's Neck Hole.
  3071 | D:5      | Reached skill level 3 in Dodging
  3071 | D:5      | Reached skill level 2 in Shields
  3089 | D:5      | Reached skill level 1 in Poison Magic
  3159 | D:5      | Reached skill level 5 in Unarmed Combat
  3198 | D:5      | Found a broken altar of Ashenzari.
  3256 | D:5      | Reached skill level 2 in Spellcasting
  3256 | D:5      | Reached skill level 3 in Translocations
  3256 | D:5      | Reached skill level 5 in Shapeshifting
  3256 | D:5      | Reached XP level 8. HP: 33/63 MP: 7/11
  3294 | D:5      | Found a sand-covered staircase.
  3315 | Ossuary  | Entered an ossuary
  3468 | Ossuary  | Reached skill level 2 in Poison Magic
  3814 | D:5      | Reached skill level 4 in Fighting
  4391 | D:6      | Reached skill level 4 in Translocations
  4395 | D:6      | Noticed Eustachio
  4408 | D:6      | Killed Eustachio
  4409 | D:6      | Reached skill level 3 in Shields
  4499 | D:6      | Found a glowing golden altar of the Shining One.
  4552 | D:6      | Learned a level 4 spell: Olgreb's Toxic Radiance
  4612 | D:6      | Found a staircase to the Ecumenical Temple.
  4622 | D:6      | Reached skill level 6 in Unarmed Combat
  4622 | D:6      | Reached XP level 9. HP: 61/71 MP: 10/12
  4632 | Temple   | Entered the Ecumenical Temple
  4645 | Temple   | Became a worshipper of Gozag Ym Sagoz the Greedy
  4768 | D:6      | Reached skill level 3 in Poison Magic
  4847 | D:6      | Found a sacrificial altar of Ru.
  4937 | D:6      | Identified the +2 spear of Anezxas {flame, rPois rC++
                  | Dex-2}
  5190 | D:7      | Reached skill level 6 in Shapeshifting
  5348 | D:7      | Reached skill level 1 in Throwing
  5361 | D:7      | Found a blossoming altar of Fedhas.
  5457 | D:7      | Reached skill level 4 in Dodging
  5606 | D:7      | Noticed Pikel
  5618 | D:7      | Noticed Dowan
  5618 | D:7      | Noticed Duvessa
  5620 | D:7      | Killed Pikel
  5621 | D:7      | Reached skill level 5 in Translocations
  5634 | D:7      | Killed Duvessa
  5644 | D:7      | Killed Dowan
  5709 | D:7      | Reached skill level 5 in Fighting
  5759 | D:7      | Found Fallimp's Magic Scroll Shop.
  5767 | D:7      | Bought a scroll of identify for 20 gold pieces
  5767 | D:7      | Bought a scroll of blinking for 75 gold pieces
  5767 | D:7      | Bought a scroll of identify for 20 gold pieces
  5860 | D:5      | Bought an amulet of regeneration for 330 gold pieces
  6038 | D:7      | Reached skill level 4 in Poison Magic
  6103 | D:7      | Reached skill level 7 in Unarmed Combat
  6109 | D:7      | Reached skill level 4 in Shields
  6133 | D:7      | Learned a level 2 spell: Wereblood
  6381 | D:7      | Reached skill level 2 in Throwing
  6381 | D:7      | Reached XP level 10. HP: 44/76 MP: 2/13
  6946 | D:8      | Noticed Erica
  6988 | D:8      | Killed Erica
  6989 | D:8      | Reached skill level 6 in Translocations
  6989 | D:8      | Reached skill level 1 in Transmutations
  7174 | D:8      | Reached skill level 7 in Shapeshifting
  8120 | D:9      | Reached skill level 1 in Evocations
  8125 | D:9      | Reached skill level 2 in Transmutations
  8342 | D:10     | Entered Level 10 of the Dungeon
  8350 | D:10     | Found a staircase to the Orcish Mines.
  8447 | D:10     | Reached skill level 5 in Poison Magic
  8468 | D:10     | Reached skill level 3 in Throwing
  8482 | D:10     | Reached skill level 5 in Dodging
  8489 | D:10     | Reached XP level 11. HP: 85/89 MP: 10/14
  8607 | D:10     | Found a runed translucent door.
  8608 | D:10     | Found a shimmering altar of Xom.
  8608 | D:10     | Noticed a +2 long sword of chaos
  8608 | D:10     | Noticed ranchalot's ghost (journeyman DEFE)
  8613 | D:10     | Identified the +0 robe "Kilizef" {rC++ Str+2}
  8640 | D:10     | Reached skill level 6 in Fighting
  8640 | D:10     | Reached skill level 8 in Unarmed Combat
  9155 | D:11     | Noticed Erolcha
  9192 | D:11     | Noticed Urug
  9196 | D:11     | Found a stormy altar of Qazlal.
  9211 | D:11     | Killed Urug
  9293 | D:11     | Found a staircase to the Lair.
  9323 | D:11     | HP: 6/89 [vampire mosquito (6)]
  9378 | D:10     | Reached skill level 7 in Translocations
  9518 | D:11     | Reached skill level 2 in Evocations
  9557 | D:11     | Reached skill level 5 in Shields
  9703 | D:11     | Noticed a centaur warrior
  9715 | D:11     | Killed a centaur warrior
  9720 | D:11     | Killed Erolcha
  9721 | D:11     | Reached skill level 8 in Shapeshifting
  9922 | D:11     | Noticed a catoblepas
  9933 | D:11     | Killed a catoblepas
  9934 | D:11     | Reached skill level 3 in Transmutations
 10226 | D:11     | Found a portal to a secret trove of treasure.
 10415 | D:12     | Found Bietu's General Store.
 10437 | D:12     | Bought a wand of paralysis (2) for 52 gold pieces
 10437 | D:12     | Bought a potion of berserk rage for 55 gold pieces
 10437 | D:12     | Bought a scroll of teleportation for 33 gold pieces
 10437 | D:12     | Bought a scroll of identify for 22 gold pieces
 10437 | D:12     | Bought a scroll of identify for 22 gold pieces
 10437 | D:12     | Bought a wand of polymorph (5) for 77 gold pieces
 10437 | D:12     | Bought a scroll of butterflies for 44 gold pieces
 10449 | D:12     | Bought a +0 cloak of willpower for 161 gold pieces
 10603 | D:12     | Reached skill level 6 in Poison Magic
 10730 | D:12     | Reached skill level 4 in Throwing
 10740 | D:12     | Reached XP level 12. HP: 69/97 MP: 15/15
 10831 | D:12     | You fall into a shaft and drop 1 floor!
 10831 | D:13     | Found a transporter.
 10892 | D:13     | Found a gate to the Vaults.
 10892 | D:13     | Noticed a vault guard
 10892 | D:13     | Noticed a vault guard
 10892 | D:13     | Noticed a vault guard
 10892 | D:13     | Noticed a vault guard
 10892 | D:13     | Noticed a vault guard
 10892 | D:13     | Noticed a vault guard
 10892 | D:13     | Noticed a vault guard
 10893 | D:13     | Noticed a vault guard
 10903 | D:13     | Noticed Rogih's ghost (journeyman MiFi)
 10905 | D:13     | Killed a vault guard
 10906 | D:13     | Reached skill level 3 in Evocations
 10920 | D:13     | Killed a vault guard
 10921 | D:13     | Reached skill level 9 in Unarmed Combat
 10921 | D:13     | Reached skill level 8 in Translocations
 10927 | D:13     | Killed a vault guard
 10935 | D:13     | Noticed a centaur warrior
 11601 | Lair:1   | Entered Level 1 of the Lair of Beasts
 11611 | Lair:1   | Noticed Joseph
 11622 | Lair:1   | Killed Joseph
 11709 | Lair:1   | Noticed Jeremiah
 11738 | Lair:1   | Killed Jeremiah
 11739 | Lair:1   | Reached skill level 7 in Fighting
 11839 | D:7      | Bought a scroll of blinking for 75 gold pieces
 11839 | D:7      | Bought a scroll of blinking for 75 gold pieces
 12059 | D:1      | Bought a scroll labelled POMINI JETEYN for 25 gold pieces
 12059 | D:1      | Bought a glowing granite ring for 125 gold pieces
 12059 | D:1      | Bought a sedimented blue potion for 22 gold pieces
 12059 | D:1      | Bought a viscous white potion for 22 gold pieces
 12059 | D:1      | Bought a scroll of identify for 50 gold pieces
 12299 | D:11     | You paid a toll of 4 scrolls of blinking to enter a
                  | treasure trove
 12300 | Trove    | Entered a treasure trove
 12333 | Trove    | Identified the ring "Voagorerr" {+Blink rN+ Will+}
 12335 | Trove    | Identified the amulet of the Harvest {Reflect Slay+5 SH+5}
 12900 | Lair:1   | Reached skill level 6 in Dodging
 13175 | Lair:2   | Noticed a death yak
 13186 | Lair:1   | Killed a death yak
 13187 | Lair:1   | Reached skill level 4 in Transmutations
 13309 | Lair:2   | Reached skill level 9 in Shapeshifting
 13385 | Lair:2   | Found a runed translucent gate.
 13385 | Lair:2   | Found a runed translucent gate.
 13388 | Lair:2   | Found a runed translucent gate.
 13388 | Lair:2   | Noticed Fractals's ghost (journeyman KoBr)
 13388 | Lair:2   | Noticed a 13-headed hydra
 13389 | Lair:2   | Noticed a ten-headed hydra
 13451 | Lair:2   | Reached skill level 6 in Shields
 13611 | Lair:2   | Noticed an eight-headed hydra
 13632 | Lair:2   | Killed an eight-headed hydra
 13651 | Lair:2   | HP: 5/110 [cane toad (19)]
 13653 | Lair:2   | HP: 2/110 [poisoned by a cane toad]
 13981 | Lair:2   | Identified the +0 mace of Jagoacsa {freeze, *Corrode rN+
                  | Stlth+}
 14456 | Lair:3   | Reached skill level 9 in Translocations
 14480 | Lair:3   | Reached skill level 4 in Evocations
 14486 | Lair:3   | Reached XP level 13. HP: 64/105 MP: 7/16
 14649 | Lair:3   | Reached skill level 7 in Poison Magic
 14672 | Lair:3   | Reached skill level 5 in Throwing
 14672 | Lair:3   | Reached skill level 10 in Unarmed Combat
 15109 | Lair:3   | Found a staircase to the Swamp.
 15526 | Lair:3   | Found a staircase to the Snake Pit.
 17099 | Lair:4   | Reached skill level 3 in Spellcasting
 17462 | Lair:4   | Found a shimmering blue altar of Sif Muna.
 17469 | Lair:4   | Identified 5 potions of resistance
 17624 | Lair:4   | Identified a potion of experience
 17625 | Lair:4   | Reached skill level 11 in Translocations
 17625 | Lair:4   | Gained mutation: Your tail ends in a venomous barb. [Green
                  | Draconian growth]
 17625 | Lair:4   | Reached XP level 14. HP: 111/114 MP: 18/18
 18014 | Lair:5   | Entered Level 5 of the Lair of Beasts
 18014 | Lair:5   | Found a staircase to the Slime Pits.
 18014 | Lair:5   | Found a viscous altar of Jiyva.
 18796 | Lair:5   | Reached skill level 8 in Fighting
 18825 | Lair:5   | Reached skill level 5 in Transmutations
 18942 | Lair:5   | Reached skill level 10 in Shapeshifting
 19548 | Lair:5   | Reached skill level 4 in Spellcasting
 19548 | Lair:5   | Reached skill level 5 in Evocations
 19948 | Lair:5   | Noticed Nessos
 19962 | Lair:5   | Killed Nessos
 19963 | Lair:5   | Reached XP level 15. HP: 121/121 MP: 7/21
 20214 | Lair:5   | Reached skill level 11 in Unarmed Combat
 20326 | Lair:5   | Reached skill level 7 in Dodging
 20471 | Lair:5   | Reached skill level 8 in Poison Magic
 20693 | Lair:5   | Reached skill level 12 in Translocations
 21435 | D:13     | Noticed Frances
 21926 | D:13     | Reached skill level 6 in Throwing
 22025 | D:13     | Reached skill level 7 in Shields
 22025 | D:13     | Reached skill level 5 in Spellcasting
 22134 | D:13     | Killed Frances
 22271 | D:13     | Found Quirrun's Gadget Gallery.
 22281 | D:13     | Bought a phantom mirror for 520 gold pieces
 22281 | D:13     | Bought a box of beasts for 520 gold pieces
 22281 | D:13     | Bought a wand of quicksilver (4) for 218 gold pieces
 22281 | D:13     | Bought a wand of roots (6) for 187 gold pieces
 22281 | D:13     | Bought a wand of mindburst (11) for 200 gold pieces
 22306 | D:13     | Found a transporter.
 23140 | D:3      | Killed Sundig's ghost
 23141 | D:3      | Killed hgbash's ghost
 23144 | D:3      | Killed LeprechaunX's ghost
 23364 | D:10     | Killed ranchalot's ghost
 24416 | D:14     | Found a sparkling altar of Nemelex Xobeh.
 24707 | D:15     | Entered Level 15 of the Dungeon
 24921 | D:15     | Found a staircase to the Depths.
 24921 | D:15     | Noticed a fire giant
 24931 | D:15     | Killed a fire giant
 25196 | D:15     | Reached skill level 6 in Transmutations
 26134 | Vaults:5 | Identified the "Niuch"
 26134 | Vaults:5 | Identified the "Zuom"
 26134 | Crypt:3  | Identified the "Bioramo"
 26134 | Depths:1 | Entered Level 1 of the Depths
 26134 | Depths:1 | Noticed a fire giant
 26234 | D:15     | Killed a fire giant
 26384 | Depths:1 | HP: 9/123 [stone giant (39)]
 26385 | Depths:1 | Annihilated by a stone giant

Vanquished Creatures
  Frances (D:13)
  2 fire giants (D:15)
  Nessos (Lair:5)
  A fire dragon (D:15)
  4 hydras
  8 vault guards (D:13)
  Erica (D:8)
  Erolcha (D:11)
  An anaconda (Lair:5)
  3 boulder beetles
  A catoblepas (D:11)
  5 centaur warriors
  A death yak (Lair:1)
  The ghost of ranchalot the Arsonist, a journeyman DEFE of Vehumet (D:10)
  A tengu warrior (D:14)
  Urug (D:11)
  3 skysharks
  13 slime creatures
  Pikel (D:7)
  18 ugly things
  3 cyclopes
  2 black mambas
  2 manticores
  Joseph (Lair:1)
  9 elephants
  13 cane toads
  4 torpor snails
  2 unseen horrors (D:11)
  Jeremiah (Lair:1)
  10 komodo dragons
  4 rime drakes
  A freezing wraith (D:14)
  3 meliai (D:13)
  A troll (D:11)
  10 polar bears
  A queen bee (D:13)
  Grinder (D:4)
  4 raiju (Lair:5)
  12 blink frogs
  A culicivora (shapeshifter) (D:15)
  6 dream sheep (Lair:5)
  4 wyverns
  50 yaks
  4 wraiths
  Eustachio (D:6)
  The ghost of Sundig the Trooper, an amateur DsFi (D:3)
  2 basilisks
  A steam dragon (Lair:2)
  17 vampire mosquitoes
  Menkaure (D:4)
  4 wargs (Lair:5)
  2 acid dragons
  3 nagas (Lair:3)
  The ghost of hgbash the Digger, an amateur GrEE (D:3)
  Duvessa (D:7)
  13 hell hounds (Lair:5)
  19 water moccasins
  15 black bears
  8 orc warriors
  An ice beast (D:8)
  An ice beast (shapeshifter) (D:13)
  2 sky beasts (D:7)
  A black bear (shapeshifter) (D:14)
  17 wolves
  An ogre (D:5)
  19 centaurs
  A phantom (D:6)
  The ghost of LeprechaunX the Changeling, an amateur OpSh (D:3)
  3 kobold brigands
  A lemure (D:7)
  10 bullfrogs
  2 elf zombies (D:5)
  2 gnoll sergeants
  4 elf skeletons (D:5)
  A scorpion (D:4)
  4 water moccasin zombies (Ossuary)
  21 wights
  Dowan (D:7)
  13 killer bees
  3 howler monkeys
  2 hounds
  3 orc priests
  2 jellies
  A gnoll bouda (Lair:1)
  A human skeleton (D:5)
  A sleepcap (D:5)
  3 iguanas
  7 orc wizards
  2 mummies (Ossuary)
  Robin (D:4)
  10 gnolls
  10 adders
  A shadow imp (D:6)
  2 white imps
  An adder zombie (Ossuary)
  A worm (D:5)
  A dart slug (D:2)
  43 orcs
  6 endoplasms
  5 giant cockroaches
  4 gnoll zombies (Ossuary)
  17 goblins
  7 hobgoblins
  2 jackals (D:2)
  24 kobolds
  3 quokkas
  11 ball pythons
  7 bats
  2 frilled lizards
  3 hobgoblin zombies (Ossuary)
  5 kobold zombies (Ossuary)
  4 orc skeletons (D:5)
  7 orc zombies (Ossuary)
  4 rats
618 creatures vanquished.

Vanquished Creatures (collateral kills)
  A dancing weapon (D:10)
  A killer bee (D:7)
2 creatures vanquished.

Grand Total: 620 creatures vanquished

Table legend: (Time is in decaauts)
 A = Elapsed time spent in this place.
 B = Non-inter-level travel time spent in this place.
 C = Inter-level travel time spent in this place.
 D = Time resting spent in this place.
 E = Time spent auto-exploring this place.
 F = Levels seen in this place.
 G = Mean time per level.
                   A        B        C        D        E       F      G
               +--------+--------+--------+--------+--------+-----+--------+
         Total |  26154 |  24322 |   1832 |   2188 |  17290 |  24 | 1089.8 |
       Dungeon |  16983 |  15311 |   1672 |   1506 |  10398 |  15 | 1132.2 |
        Temple |     18 |     14 |      4 |      0 |      0 |   1 |   18.0 |
          Lair |   8566 |   8411 |    155 |    682 |   6466 |   5 | 1713.2 |
        Depths |     16 |     16 |      0 |      0 |      0 |   1 |   16.0 |
         Trove |    104 |    104 |      0 |      0 |     80 |   1 |  104.0 |
       Ossuary |    465 |    465 |      0 |      0 |    346 |   1 |  465.0 |
               +--------+--------+--------+--------+--------+-----+--------+

Top non-repeatable levels by time:
  Lair:5: 2841 daAuts
  Lair:4: 2045 daAuts
    D:12: 1660 daAuts
    D:15: 1650 daAuts
     D:7: 1638 daAuts
  Lair:3: 1514 daAuts
    D:13: 1430 daAuts
    D:10: 1230 daAuts
  Lair:2: 1185 daAuts
    D:14: 1180 daAuts
    D:11: 1170 daAuts
     D:5: 1134 daAuts
     D:8: 1041 daAuts
  Lair:1: 979 daAuts
     D:4: 955 daAuts

Table legend:
 A = Non-vault XP
 B = Vault XP
 C = Vault XP percentage of total XP
 D = Non-vault monster count
 E = Vault monster count
 F = Vault count percentage of total count
                 A         B        C        D         E       F
            +---------+---------+-------+---------+---------+-------
      Total |   80365 |   36514 |  31.2 |     429 |     190 |  30.7
            +---------+---------+-------+---------+---------+-------
        D:1 |      33 |       0 |   0.0 |      21 |       0 |   0.0
        D:2 |      62 |       5 |   7.5 |      23 |       2 |   8.0
        D:3 |      76 |     482 |  86.4 |      16 |       5 |  23.8
        D:4 |     222 |     502 |  69.3 |      13 |      15 |  53.6
        D:5 |     486 |     539 |  52.6 |      21 |      11 |  34.4
        D:6 |     671 |     202 |  23.1 |      16 |       1 |   5.9
        D:7 |    2005 |     833 |  29.4 |      35 |       3 |   7.9
        D:8 |    1012 |     852 |  45.7 |      15 |       1 |   6.2
        D:9 |    2082 |       0 |   0.0 |      21 |       0 |   0.0
       D:10 |    2157 |    1984 |  47.9 |      18 |      22 |  55.0
       D:11 |    2613 |    4761 |  64.6 |      10 |      13 |  56.5
       D:12 |    4039 |       0 |   0.0 |      19 |       0 |   0.0
       D:13 |    4740 |   10343 |  68.6 |      18 |      24 |  57.1
       D:14 |   13243 |       0 |   0.0 |      32 |       0 |   0.0
       D:15 |    7482 |    1327 |  15.1 |      15 |       1 |   6.2
     Lair:1 |    4158 |    1335 |  24.3 |      15 |       5 |  25.0
     Lair:2 |    6164 |       0 |   0.0 |      26 |       0 |   0.0
     Lair:3 |    6978 |    1016 |  12.7 |      24 |       4 |  14.3
     Lair:4 |   10102 |       0 |   0.0 |      34 |       0 |   0.0
     Lair:5 |   12040 |   11956 |  49.8 |      37 |      57 |  60.6
    Ossuary |       0 |     377 | 100.0 |       0 |      26 | 100.0
            +---------+---------+-------+---------+---------+-------
